 Dungeon Crawl Stone Soup version 0.26-a0-808-g930a2b7adc (webtiles) character file.

Game seed: 5582550601114239017

45 Notrik the Shield-Bearer (level 3, -1/30 HPs)
             Began as a Formicid Fighter on Nov 12, 2020.
             Slain by a gnoll
             ... wielding a +0 spear
              (5 damage)
             ... on level 2 of the Dungeon.
             The game lasted 00:01:36 (1487 turns).

Notrik the Shield-Bearer (Formicid Fighter)         Turns: 1487, Time: 00:01:37

Health: -1/30      AC:  6    Str: 21    XL:     3   Next: 90%
Magic:  3/3        EV:  8    Int:  7    God:
Gold:   41         SH:  9    Dex: 10    Spells: 2/2 levels left

rFire    . . .     SeeInvis +   a - +0 war axe
rCold    . . .     Faith    .   c - +0 kite shield
rNeg     . . .     Spirit   .   b - +0 scale mail
rPois    .         Reflect  .   (helmet unavailable)
rElec    .         Harm     .   (no cloak)
rCorr    .         Rampage  .   (no gloves)
MR       .....                  (no boots)
Stlth    ..........             (no amulet)
HPRegen  0.10/turn              (no ring)
MPRegen  0.08/turn              (no ring)

@: no status effects
A: permanent stasis, dig shafts and tunnels, four strong arms, antennae 3
a: Dig, Shaft Self


You were on level 2 of the Dungeon.
You visited 1 branch of the dungeon, and saw 2 of its levels.

You collected 41 gold pieces.

Inventory:

Hand Weapons
 a - a +0 war axe (weapon)
Armour
 b - a +0 scale mail (worn)
 c - a +0 kite shield (worn)
Scrolls
 e - 2 scrolls of random uselessness {unknown}
 f - 2 scrolls of enchant weapon {unknown}
 h - 2 scrolls of identify {unknown}
 i - a scroll of noise {unknown}
 l - a scroll of magic mapping {unknown}
 m - a scroll of immolation {unknown}
Potions
 d - a potion of might
 g - a potion of brilliance {unknown}
 j - a potion of magic {unknown}
 k - a potion of flight {unknown}


   Skills:
 * Level 4.0 Fighting
 + Level 2.4 Axes
 + Level 3.6 Armour
 + Level 4.0 Shields


You had 2 spell levels left.
You didn't know any spells.
Your spell library was empty.

Dungeon Overview and Level Annotations

Branches:
Dungeon (2/15)

Altars:


Innate Abilities, Weirdness & Mutations

You cannot be hasted, slowed, berserked, paralysed or teleported.
You can dig through walls and to a lower floor.
Your four strong arms can wield two-handed weapons with a shield.
You have a pair of large antennae on your head. (SInv)


Message History

You feel sick.
You are no longer poisoned.
Found a stone staircase leading up.
Found 16 stones.
Found a runed hand axe.
You see here a runed hand axe.
A gnoll comes into view. It is wielding a +0 spear.
The gnoll shouts!
A gnoll comes into view.
A gnoll comes into view. It is wielding a +0 halberd.
The gnoll shouts! x2; You hear a shout!
A goblin comes into view.
The goblin wields a +0 hunting sling.
The goblin shoots a stone.
The stone hits you but does no damage. The gnoll closely misses you.
You see here a stone.
You slash the gnoll! You hit the gnoll. You block the gnoll's attack.
The gnoll hits you with a +0 spear. The gnoll closely misses you.
You block the gnoll's attack.
You hit the gnoll. You barely miss the gnoll. You block the gnoll's attack.
The gnoll hits you.
The gnoll hits you from afar with a +0 halberd!
* * * LOW HITPOINT WARNING * * *
The goblin shoots a stone.
You block the stone.
You hit the gnoll.
You kill the gnoll!
Your Fighting skill increases to level 4!
You hit the gnoll. The gnoll barely misses you. The gnoll closely misses you.
The goblin shoots a stone.
The stone hits you but does no damage. You block the gnoll's attack.
You closely miss the gnoll.
The gnoll hits you from afar with a +0 halberd.
* * * LOW HITPOINT WARNING * * *
The goblin shoots a stone.
The stone hits you but does no damage. The gnoll hits you but does no damage.
You hit the gnoll. You block the gnoll's attack.
The gnoll hits you but does no damage. The gnoll barely misses you.
You block the gnoll's attack.
You hit the gnoll but do no damage. You hit the goblin.
The gnoll hits you with a +0 spear.
* * * LOW HITPOINT WARNING * * *
The goblin unwields a +0 hunting sling.
You block the goblin's attack.
The gnoll hits you from afar with a +0 halberd.
* * * LOW HITPOINT WARNING * * *
Your scale mail prevents you from hitting the gnoll.
You closely miss the goblin. You block the gnoll's attack.
You block the goblin's attack. The gnoll closely misses you.
You block the gnoll's attack.
You barely miss the gnoll. You hit the goblin. You block the goblin's attack.
The gnoll hits you but does no damage. The gnoll hits you with a +0 spear.
You die...

#.....# #.....#
# #.....######
#.#...........
##.#...........
.......g.......
...............
#..g@g.......
#............
#............
#............
#............
#............
#............
#####).......
#........


You could see 2 gnolls and a goblin.

Vanquished Creatures
  An adder (D:2)
  A gnoll (D:2)
  A dart slug (D:1)
  3 bats (D:1)
  3 giant cockroaches (D:1)
  A goblin (D:1)
  4 hobgoblins (D:1)
  5 kobolds
  A frilled lizard (D:1)
  5 rats
25 creatures vanquished.

Notes
Turn   | Place    | Note
-------+----------+-------------------------------------------
     0 | D:1      | Notrik the Formicid Fighter began the quest for the Orb.
     0 | D:1      | Reached XP level 1. HP: 18/18 MP: 1/1
   247 | D:1      | Reached XP level 2. HP: 21/24 MP: 2/2
   587 | D:1      | Reached XP level 3. HP: 29/30 MP: 3/3
  1487 | D:2      | Slain by a gnoll

Illustrated notes

Levels and vault maps discovered:
D:1:      saegor_arrival_miasma, layout_loops_corners, minmay_misc_feat_iff,
          nrook_uturn
D:2:      layout_basic, okawaru_gym_becter

Skill      XL: |  1  2  3 |
---------------+----------+-----
Shields        | 4 |  4.0
Fighting       | 4 |  4.0
Axes           | |  2.4
Armour         | |  3.6

Action                   || total
-------------------------++-------
Melee: War axe           ||    81
Armor: Scale mail        ||    35
Dodge: Dodged            ||    22
Block: Kite shield       ||    46

Table legend: (Time is in decaauts)
 A = Elapsed time spent in this place.
 B = Non-inter-level travel time spent in this place.
 C = Inter-level travel time spent in this place.
 D = Time resting spent in this place.
 E = Time spent auto-exploring this place.
 F = Levels seen in this place.
 G = Mean time per level.
                   A        B        C        D        E       F      G
               +--------+--------+--------+--------+--------+-----+--------+
         Total |   1522 |   1479 |     43 |      0 |   1276 |   2 |  761.0 |
       Dungeon |   1522 |   1479 |     43 |      0 |   1276 |   2 |  761.0 |
               +--------+--------+--------+--------+--------+-----+--------+

Top non-repeatable levels by time:
     D:1: 1165 daAuts
     D:2: 356 daAuts
